 Dungeon Crawl Stone Soup version 0.31.0-11-ge490571c62 (webtiles) character file.

Game seed: 9483960497474709643

23 qw the Shooter (level 2, -3/16 HPs)
             Began as a Deep Elf Hunter on Feb 4, 2024.
             Slain by a black bear (4 damage)
             ... on level 2 of the Dungeon.
             The game lasted 00:00:02 (1009 turns).

qw the Shooter (Deep Elf Hunter)                    Turns: 1009, Time: 00:00:03

Health: -3/16      AC:  3    Str:  8    XL:     2   Next: 75%
Magic:  4/4        EV: 12    Int: 13    God:
Gold:   30         SH:  0    Dex: 18    Spells: 1/1 levels left

rFire   . . .        a - +1 shortbow
rCold   . . .        (shield currently unavailable)
rNeg    . . .        c - +0 leather armour
rPois   .            (no helmet)
rElec   .            (no cloak)
rCorr   .            (no gloves)
SInv    .            (no boots)
Will    .....        (no amulet)
Stlth   ++           (no ring)
HPRegen 0.22/turn    (no ring)
MPRegen 0.09/turn

%: no passive effects
@: no status effects
A: no striking features
a: no special abilities


You were on level 2 of the Dungeon.
You visited 1 branch of the dungeon, and saw 2 of its levels.

You collected 50 gold pieces.
You spent 20 gold pieces at shops.


   Skills:
 - Level 1.5 Fighting
 + Level 6.5 Ranged Weapons
 - Level 2.4 Dodging
 - Level 1.2 Stealth


You had one spell level left.
You didn't know any spells.
Your spell library was empty.

Inventory:

Hand Weapons
 a - a +1 shortbow (weapon)
Armour
 c - a +0 leather armour (worn)
Potions
 f - a potion of mutation {unknown}
 g - a potion of haste {unknown}
 h - a potion of curing {unknown}
 j - a potion of enlightenment {unknown}

Dungeon Overview and Level Annotations

Branches:
Dungeon (2/15)

Altars:

Shops:
D:1 **!*(


Message History

Done exploring.
963 ||| READING scroll labelled EMEMIE HECAMAA.
As you read the scroll labelled EMEMIE HECAMAA, it crumbles to dust.
It is a scroll of enchant weapon.
963 ||| ENCHANTING +0 shortbow.
Your +0 shortbow glows red for a moment.
Done exploring.
964 ||| DROPPING scroll of butterflies.
You drop a scroll of butterflies.
Done exploring.
What level of the Dungeon? (default 1, ? - help)
There is a stone staircase leading down here.
You climb downwards.
There is a stone staircase leading up here.
Waypoint 1 assigned to D:2.
A black bear comes into view.
You shoot an arrow. The arrow hits the black bear.
The black bear growls angrily.
The black bear is lightly wounded.
You shoot an arrow. The arrow hits the black bear.
The black bear is moderately wounded.
You shoot an arrow.
The arrow closely misses the black bear.
The black bear bites you. The black bear claws you. x2
You shoot an arrow. The arrow hits the black bear!
The black bear is severely wounded.
The black bear misses you. The black bear closely misses you.
The black bear claws you but does no damage.
You shoot an arrow. The arrow hits the black bear!
The black bear is almost dead.
The black bear bites you.
The black bear claws you but does no damage.
The black bear closely misses you.
1008 ||| DRINKING potion of heal wounds.
You feel much better.
The black bear goes berserk!
You shoot an arrow. The arrow barely misses the black bear.
The black bear bites you!
Ouch! That really hurt!
The black bear claws you. The black bear closely misses you.
The black bear misses you. The black bear claws you.
You die...

# #.#######
#.#.....##
#.h......#######
#..@...........#
#..###########.#
#.. ####.### ##.
#<.....# #.
####.#.# #.
#.#.# #. #.# #
#. #.# #..


You could see a black bear (berserk).

Vanquished Creatures
  3 bats (D:1)
  2 endoplasms (D:1)
  3 giant cockroaches (D:1)
  3 goblins (D:1)
  A hobgoblin (D:1)
  A quokka (D:1)
  A ball python (D:1)
  2 frilled lizards (D:1)
  A kobold (D:1)
  5 rats (D:1)
22 creatures vanquished.

Notes
Turn   | Place    | Note
-------+----------+-------------------------------------------
     0 | D:1      | qw the Deep Elf Hunter began the quest for the Orb.
     0 | D:1      | Reached XP level 1. HP: 12/12 MP: 3/3
     0 | D:1      | 0 ||| qw: Version: 0.3-a-160-g6735b56
     0 | D:1      | 0 ||| qw: Game counter: 5183
     0 | D:1      | 0 ||| qw: Melee chars always use a shield: true
     0 | D:1      | 0 ||| qw: God list: Okawaru
     0 | D:1      | 0 ||| qw: Allow faded altars: false
     0 | D:1      | 0 ||| qw: Do Orc after clearing Dungeon:15 true
     0 | D:1      | 0 ||| qw: Do second Lair branch before Depths: true
     0 | D:1      | 0 ||| qw: Lair rune preference: random
     0 | D:1      | 0 ||| qw: Goals: Normal
     0 | D:1      | 0 ||| PLANNING D:1-11
   165 | D:1      | Found Xiam's General Store.
   174 | D:1      | 174 ||| SHOPLISTING potion of curing (42 gold, have 7).
   200 | D:1      | Reached XP level 2. HP: 16/16 MP: 4/4
   224 | D:1      | Reached skill level 6 in Ranged Weapons
   349 | D:1      | Found Unoirph's Distillery.
   356 | D:1      | 356 ||| SHOPLISTING potion of curing (33 gold, have 22).
   356 | D:1      | 356 ||| SHOPLISTING potion of enlightenment (55 gold, have
                  | 22).
   356 | D:1      | 356 ||| SHOPLISTING potion of haste (110 gold, have 22).
   356 | D:1      | 356 ||| SHOPLISTING potion of heal wounds (55 gold, have
                  | 22).
   356 | D:1      | 356 ||| SHOPLISTING potion of might (44 gold, have 22).
   356 | D:1      | 356 ||| SHOPLISTING potion of resistance (110 gold, have
                  | 22).
   405 | D:1      | Found Yrrunix's Assorted Antiques.
   528 | D:1      | Found Xextyq's Assorted Antiques.
   537 | D:1      | 537 ||| SHOPLISTING 2 scrolls labelled VOSSAAWKIZ (46 gold,
                  | have 35).
   537 | D:1      | 537 ||| BUYING fuming golden potion (20 gold).
   537 | D:1      | Bought a fuming golden potion for 20 gold pieces
   537 | D:1      | 537 ||| SHOPLISTING scroll labelled QOIMAE DIUZE (23 gold,
                  | have 15).
   537 | D:1      | 537 ||| SHOPLISTING scroll labelled RARAAG LINGE (23 gold,
                  | have 15).
   537 | D:1      | 537 ||| SHOPLISTING scroll labelled WUKLUCZ BUEMMY (23
                  | gold, have 15).
   627 | D:1      | 627 ||| SHOPLISTING scroll labelled VOSSAAWKIZ (17 gold,
                  | have 15).
   866 | D:1      | Found Woqaps's Antique Weapon Boutique.
   961 | D:1      | 961 ||| READING scroll labelled WUKLUCZ BUEMMY.
   961 | D:1      | 961 ||| IDENTIFYING red potion
   962 | D:1      | 962 ||| READING scroll labelled VOTOAJADOKH.
   963 | D:1      | 963 ||| READING scroll labelled EMEMIE HECAMAA.
   963 | D:1      | 963 ||| ENCHANTING +0 shortbow.
   964 | D:1      | 964 ||| DROPPING scroll of butterflies.
  1002 | D:2      | Noticed a black bear
  1007 | D:2      | HP: 2/16 [black bear (6)]
  1008 | D:2      | 1008 ||| DRINKING potion of heal wounds.
  1009 | D:2      | Slain by a black bear

Levels and vault maps discovered:
D:1:      dpeg_arrival_subterranean_lakeside_camping, layout_basic,
          serial_shops, nicolae_diamond_shop, shop_fountains,
          nicolae_shop_waterfront, shop, nicolae_lakefront_shop
D:2:      layout_basic, serial_shops, shop_coins, uniq_terence

Skill      XL: |  1  2 |
---------------+-------+-----
Ranged Weapons | 6 |  6.5
Fighting       | |  1.5
Dodging        | |  2.4
Stealth        | |  1.2

Action                     || total
---------------------------++-------
   Fire: Shortbow          ||    61
    Use: Scroll            ||     3
         Potion            ||     1
 Armour: Leather armour    ||    18
  Dodge: Dodged            ||    20

Table legend:
 A = Non-vault XP
 B = Vault XP
 C = Vault XP percentage of total XP
 D = Non-vault monster count
 E = Vault monster count
 F = Vault count percentage of total count
                 A         B        C        D         E       F
            +---------+---------+-------+---------+---------+-------
      Total |      24 |      10 |  29.4 |      16 |       6 |  27.3
            +---------+---------+-------+---------+---------+-------
        D:1 |      24 |      10 |  29.4 |      16 |       6 |  27.3
            +---------+---------+-------+---------+---------+-------
